 Dungeon Crawl Stone Soup version 0.21.1-1-g345015fe64 (webtiles) character file.

28994 Rrauwl the Severer (level 13, 0/122 HPs)
             Began as a Hill Orc Artificer on Feb 10, 2018.
             Was a High Priest of Okawaru.
             Slain by a soul eater (7 damage)
             ... on level 3 of the Abyss.
             The game lasted 00:57:48 (18632 turns).

Rrauwl the Severer (Hill Orc Artificer)            Turns: 18632, Time: 00:57:48

Health: 0/122      AC: 13    Str: 21    XL:     13   Next: 42%
Magic:  21/21      EV: 13    Int: 11    God:    Okawaru [*****.]
Gold:   849        SH:  0    Dex: 10    Spells: 10/12 levels left

rFire    + . .     SeeInvis +   f - +4 battleaxe (venom)
rCold    . . .     Gourm    .   (shield currently unavailable)
rNeg     . . .     Faith    .   g - +0 acid dragon scales
rPois    .         Spirit   .   (helmet restricted)
rElec    .         Reflect  .   l - +2 cloak
rCorr    +         Harm     .   (no gloves)
MR       .....                  c - +0 pair of boots {run}
Stlth    +.........             (no amulet)
HPRegen  0.30/turn              n - ring of see invisible
MPRegen  0.17/turn              B - ring of protection from fire

@: drained, quick
A: horns 1, clumsy 1, strong 1, subdued magic 1
a: Heroism, Finesse, Renounce Religion


You were on level 3 of the Abyss.
You worshipped Okawaru.
Okawaru was extremely pleased with you.
You were not hungry.

You visited 3 branches of the dungeon, and saw 16 of its levels.
You visited the Abyss 1 time.

You collected 1006 gold pieces.
You spent 157 gold pieces at shops.

Inventory:

Hand Weapons
 b - a +2 hunting sling of velocity
 f - a +4 battleaxe of venom (weapon)
Missiles
 h - 89 sling bullets
 w - a throwing net (quivered)
Armour
 c - a +0 pair of boots of running (worn)
 g - +0 acid dragon scales (worn)
 l - a +2 cloak (worn)
 s - a +0 troll leather armour
 D - the +1 ring mail of Dim Light {+Fly rC+ rCorr Str-2}
   (You found it on level 9 of the Dungeon)

   It affects your strength (-2).
   It protects you from cold.
   It lets you fly.
   It protects you from acid and corrosion.
Jewellery
 n - a ring of see invisible (left hand)
 B - a ring of protection from fire (right hand)
Wands
 d - a wand of enslavement (32)
 k - a wand of iceblast (5)
 p - a wand of clouds (11)
 E - a wand of disintegration (15)
 H - a wand of acid (14)
Scrolls
 i - 9 scrolls of identify
 m - 7 scrolls of remove curse
 A - 3 scrolls of teleportation
 J - a scroll of magic mapping
Potions
 a - a potion of curing
 q - a potion of cancellation
Books
 v - a book of Maledictions

   Spells                             Type                      Level
   a - Corona                         Hexes                        1
   b - Ensorcelled Hibernation        Hexes/Ice                    2
   c - Confuse                        Hexes                        3
   d - Tukima's Dance                 Hexes                        3
   e - Dazzling Spray                 Conjuration/Hexes            3
Miscellaneous
 r - a fan of gales (inert)
Comestibles
 e - 19 rations


   Skills:
 - Level 13.0(12.5) Fighting
   Level 1.0(0.6) Short Blades
 + Level 16.6(16.0) Axes
 - Level 10.0(9.5) Armour
 - Level 5.1(4.7) Dodging
 - Level 1.0(0.6) Stealth
 - Level 11.0(10.5) Invocations
 - Level 4.0(3.6) Evocations


You had 10 spell levels left.
You knew the following spells:

 Your Spells              Type           Power        Failure   Level  Hunger
a - Swiftness             Chrm/Air       #.......     50%         2    ###....


Dungeon Overview and Level Annotations

Branches:
Dungeon (13/15)            Temple (1/1) D:6            Lair (2/6) D:11
    Orc (0/2) D:12         Vaults (0/5) D:13
  Swamp: Lair:2-4    Shoals: Lair:2-4     Snake: Lair:2-4    Spider: Lair:2-4

Altars:
Ashenzari
Cheibriados
Dithmenos
Elyvilon
Fedhas
Gozag
Hepliaklqana
Kikubaaqudgha
Makhleb
Nemelex Xobeh
Okawaru
Qazlal
Ru
Sif Muna
Trog
Uskayaw
Vehumet
Wu Jian
Xom
Yredelemnul
Zin
The Shining One

Shops:
D:9 (   D:13 ?


Innate Abilities, Weirdness & Mutations

You have a pair of small horns on your head.
You are clumsy. (Dex -2)
Your muscles are strong. (Str +2)
Your spells are a little easier to cast, but a little less powerful.


Message History

You start resting.
Magic restored.
You start resting.
You stop sporulating.
Your +4 battleaxe of venom unmelds from your body.
Your +2 cloak unmelds from your body.
Your +0 pair of boots of running unmelds from your body.
Your +0 acid dragon scales unmelds from your body.
Your +4 battleaxe of venom begins to drip with poison!
You feel quick.
You start resting.
Your hands slow down.
You start resting.
A soul eater comes into view.
Okay, then.
You see here a book of Maledictions.
You start resting.
The soul eater hits you!
* * * LOW HITPOINT WARNING * * *
You feel drained.
You die...

.. ... #.#.
.... .... . .
### ....
#.#..##.#...
#....:##.##
.....###....#
#.3
#..###...# .
#@...# .
#..3#.#.#
#.......#..
##......#....
......... ...
###...#....
## .#.# .....
.... ..####


You could see a soul eater.

Vanquished Creatures
  A cacodemon (Abyss:2)
  A very ugly thing (Abyss:2)
  Erolcha (D:13)
  A great orb of eyes (D:12)
  A hydra (D:12)
  3 two-headed ogres
  2 dancing weapons (D:13)
  6 thrashing horrors (Abyss:3)
  A sixfirhy (Abyss:2)
  An unseen horror (Abyss:2)
  A wizard (D:13)
  2 ugly things (D:11)
  3 cyclopes
  A manticore (D:13)
  A centaur zombie (D:12)
  A spiny frog (Lair:2)
  A kobold demonologist (D:10)
  A komodo dragon (Lair:1)
  An ancient zyme (Abyss:2)
  A tengu conjurer (D:13)
  4 trolls
  A slime creature (D:12)
  5 hippogriffs
  2 raiju (Abyss:2)
  3 blink frogs (Lair:1)
  3 small abominations (Abyss:2)
  Sigmund (D:6)
  A shadow (D:13)
  8 yaks
  2 wraiths (D:12)
  A wyvern (D:9)
  2 hungry ghosts
  A large abomination (Abyss:3)
  A chaos spawn (Abyss:3)
  2 neqoxecs (Abyss:2)
  A basilisk (Lair:2)
  Menkaure (D:6)
  An insubstantial wisp (Abyss:2)
  3 water moccasins
  Duvessa (D:5)
  An acid dragon (D:12)
  2 porcupines
  2 ice beasts (D:5)
  4 sky beasts (D:12)
  4 orc warriors
  6 phantoms
  A black bear (D:13)
  9 ogres
  7 centaurs
  2 big kobolds
  9 bullfrogs
  A wyvern zombie (D:8)
  A gnoll sergeant (D:9)
  3 scorpions
  3 killer bees (D:13)
  An electric eel (Lair:1)
  7 howler monkeys
  7 crimson imps
  A quasit (D:12)
  A bullfrog zombie (D:13)
  3 jellies
  2 orc priests
  4 hounds
  An iron imp (Abyss:3)
  3 bullfrog skeletons
  2 centaur skeletons
  2 iguanas
  6 orc wizards
  8 worker ants
  A killer bee zombie (D:8)
  A hound zombie (D:6)
  A howler monkey zombie (D:8)
  A worker ant zombie (D:8)
  6 gnolls
  13 adders
  A shadow imp (D:5)
  A white imp (Abyss:2)
  3 ufetubi
  An ooze (D:5)
  4 worms
  2 dart slugs
  4 leopard geckos
  32 orcs
  4 bats
  4 giant cockroaches
  10 goblins
  4 hobgoblins
  8 jackals
  A quokka (D:10)
  2 ball pythons
  2 frilled lizards (D:2)
  11 kobolds
  6 rats
  2 plants
303 creatures vanquished.

Vanquished Creatures (collateral kills)
  Dowan (D:5)
1 creature vanquished.

Vanquished Creatures (others)
  A human (D:2)
  A demonic plant (Abyss:3)
  9 fungi (D:11)
  3 plants (D:11)
14 creatures vanquished.

Grand Total: 318 creatures vanquished

Notes
Turn   | Place    | Note
-------+----------+-------------------------------------------
     0 | D:1      | Rrauwl the Hill Orc Artificer began the quest for the Orb.
     0 | D:1      | Reached XP level 1. HP: 16/16 MP: 3/3
   152 | D:1      | Reached skill level 1 in Stealth
   234 | D:1      | Reached XP level 2. HP: 5/24 MP: 4/4
   642 | D:1      | Reached XP level 3. HP: 25/30 MP: 5/5
   731 | D:1      | Gained mutation: You expend magic power (3 MP) to strengthen your wands. [potion of mutation]
   731 | D:1      | Gained mutation: Your spells are a little easier to cast, but a little less powerful. [potion of mutation]
   731 | D:1      | Gained mutation: You have a pair of small horns on your head. [potion of mutation]
   731 | D:1      | Gained mutation: You have a pair of horns on your head. [potion of mutation]
   732 | D:1      | Lost mutation: Your spells are a little easier to cast, but a little less powerful. [potion of mutation]
   732 | D:1      | Lost mutation: You have a pair of horns on your head. [potion of mutation]
   732 | D:1      | Gained mutation: You are frail. (-10% HP) [potion of mutation]
   732 | D:1      | Lost mutation: You expend magic power (3 MP) to strengthen your wands. [potion of mutation]
   732 | D:1      | Lost mutation: You are frail. (-10% HP) [potion of mutation]
   732 | D:1      | Gained mutation: Your muscles are strong. (Str +2) [potion of mutation]
  1425 | D:2      | Reached skill level 1 in Axes
  1573 | D:2      | Found an ancient bone altar of Kikubaaqudgha.
  1574 | D:2      | Noticed a human
  1576 | D:2      | Killed a human
  1755 | D:2      | Found a radiant altar of Vehumet.
  1936 | D:3      | Reached XP level 4. HP: 37/38 MP: 6/6
  2089 | D:3      | Found a shattered altar of Ashenzari.
  2158 | D:3      | Reached skill level 2 in Axes
  3084 | D:4      | Reached skill level 3 in Axes
  3084 | D:4      | Reached XP level 5. HP: 46/46 MP: 7/7
  3139 | D:4      | Noticed an ogre
  3150 | D:4      | Killed an ogre
  3150 | D:4      | Reached skill level 5 in Fighting
  3150 | D:4      | Reached skill level 4 in Axes
  3150 | D:4      | Reached XP level 6. HP: 37/56 MP: 8/8
  3394 | D:4      | Reached skill level 5 in Axes
  3570 | D:4      | Found a blossoming altar of Fedhas.
  4086 | D:5      | Entered Level 5 of the Dungeon
  4251 | D:5      | Noticed an ice beast
  4570 | D:5      | Noticed an ice beast
  4579 | D:5      | Killed an ice beast
  4579 | D:5      | Reached XP level 7. HP: 51/64 MP: 9/9
  4589 | D:5      | Reached skill level 6 in Axes
  4933 | D:5      | Noticed Duvessa
  4933 | D:5      | Noticed Dowan
  4964 | D:5      | Killed Dowan
  5130 | D:5      | Killed Duvessa
  5297 | D:5      | Reached skill level 7 in Axes
  5609 | D:5      | Reached XP level 8. HP: 71/73 MP: 10/10
  5715 | D:6      | Noticed Menkaure
  5722 | D:6      | Killed Menkaure
  5865 | D:6      | Reached skill level 8 in Axes
  5920 | D:6      | Noticed Sigmund
  5929 | D:6      | Killed Sigmund
  6068 | D:6      | Reached skill level 9 in Axes
  6353 | D:6      | Found a staircase to the Ecumenical Temple.
  6359 | Temple   | Entered the Ecumenical Temple
  6409 | Temple   | Became a worshipper of Warmaster Okawaru
  6854 | D:6      | Noticed a hippogriff
  6868 | D:6      | Killed a hippogriff
  6868 | D:6      | Reached XP level 9. HP: 49/84 MP: 11/11
  6998 | D:7      | Reached skill level 10 in Axes
  7167 | D:7      | Reached * piety under Okawaru
  7302 | D:7      | Reached skill level 1 in Invocations
  7525 | D:7      | Reached skill level 1 in Armour
  7544 | D:7      | Reached skill level 10 in Fighting
  8677 | D:8      | Reached ** piety under Okawaru
  8776 | D:8      | Noticed a two-headed ogre
  8787 | D:8      | Killed a two-headed ogre
  8787 | D:8      | Reached skill level 11 in Axes
  8787 | D:8      | Reached skill level 5 in Invocations
  8787 | D:8      | Reached XP level 10. HP: 27/93 MP: 10/14
  9657 | D:9      | Reached skill level 5 in Armour
  9685 | D:9      | Got an ichor-stained ring mail
  9696 | D:9      | Identified the +1 ring mail of Dim Light {+Fly rC+ rCorr Str-2} (You found it on level 9 of the Dungeon)
  9778 | D:9      | Reached *** piety under Okawaru
 10030 | D:9      | Found Keschy's Weapon Shoppe.
 10115 | D:9      | Found a deep blue altar of Sif Muna.
 10117 | D:9      | Found a glowing golden altar of the Shining One.
 10119 | D:9      | Reached skill level 12 in Axes
 10122 | D:9      | Found an ornate altar of the Wu Jian Council.
 10122 | D:9      | Found a bloodstained altar of Trog.
 10122 | D:9      | Found a snail-covered altar of Cheibriados.
 10122 | D:9      | Found a basalt altar of Yredelemnul.
 10126 | D:9      | Found a shadowy altar of Dithmenos.
 10127 | D:9      | Found a sparkling altar of Nemelex Xobeh.
 10346 | D:10     | Entered Level 10 of the Dungeon
 10346 | D:10     | Noticed a kobold demonologist
 10350 | D:10     | Noticed a sixfirhy
 10353 | D:10     | Killed a kobold demonologist
 10753 | D:10     | Learned a level 2 spell: Swiftness
 10819 | D:10     | Reached **** piety under Okawaru
 10856 | D:10     | You fall through a shaft for 2 floors!
 11049 | D:11     | Noticed a purple ugly thing
 11076 | D:11     | Killed a purple ugly thing
 11353 | D:11     | Noticed a white ugly thing
 11361 | D:11     | Killed a white ugly thing
 11361 | D:11     | Reached skill level 13 in Axes
 11361 | D:11     | Reached XP level 11. HP: 75/99 MP: 17/17
 11763 | D:11     | Reached skill level 10 in Invocations
 11904 | D:11     | Found a staircase to the Lair.
 12032 | D:11     | Reached ***** piety under Okawaru
 12556 | Lair:1   | Entered Level 1 of the Lair of Beasts
 13179 | Lair:1   | Reached skill level 14 in Axes
 13836 | Lair:2   | Received a gift from Okawaru
 13858 | Lair:2   | Identified a +0 pair of boots of running (Okawaru gifted it to you on level 2 of the Lair of Beasts)
 14228 | Lair:2   | Noticed a six-headed hydra
 14330 | D:12     | Noticed a two-headed ogre
 14339 | D:12     | HP: 1/99 [two-headed ogre/dire flail (9)]
 14343 | D:12     | Killed a two-headed ogre
 14743 | D:12     | Found a staircase to the Orcish Mines.
 14824 | D:12     | Noticed a two-headed ogre
 14831 | D:12     | Killed a two-headed ogre
 15202 | D:12     | Reached XP level 12. HP: 89/106 MP: 20/20
 15226 | D:12     | Noticed a great orb of eyes
 15256 | D:12     | Paralysed by a great orb of eyes for 7 turns
 15284 | D:12     | Killed a great orb of eyes
 15294 | D:12     | Noticed an eight-headed hydra
 15294 | D:12     | Reached skill level 15 in Axes
 16017 | D:12     | Found a snail-covered altar of Cheibriados.
 16360 | D:12     | Killed an eight-headed hydra
 16565 | D:13     | Found a gate to the Vaults.
 16889 | D:13     | Found Weyl's Magic Scroll Shoppe.
 16893 | D:13     | Noticed Erolcha
 16905 | D:13     | Killed Erolcha
 16916 | D:13     | Bought a scroll of teleportation for 45 gold pieces
 16916 | D:13     | Bought a scroll of blinking for 112 gold pieces
 16986 | D:13     | Reached skill level 16 in Axes
 17093 | D:13     | Reached skill level 10 in Armour
 17450 | D:13     | Cast into level 2 of the Abyss (a wizard)
 17509 | Abyss:2  | Noticed a brown very ugly thing
 17519 | Abyss:2  | Killed a brown very ugly thing
 17606 | Abyss:2  | Noticed a cacodemon
 17607 | Abyss:2  | Gained mutation: You are clumsy. (Dex -2) [a cacodemon]
 17619 | Abyss:2  | Gained mutation: Your spells are a little easier to cast, but a little less powerful. [a cacodemon]
 17621 | Abyss:2  | Killed a cacodemon
 17621 | Abyss:2  | Reached ****** piety under Okawaru
 17621 | Abyss:2  | Reached XP level 13. HP: 78/118 MP: 21/21
 18123 | Abyss:2  | Reached skill level 5 in Dodging
 18128 | Abyss:2  | HP: 5/118 [raiju/living lightning (9)]
 18130 | Abyss:2  | Received a gift from Okawaru
 18632 | Abyss:3  | Slain by a soul eater

Skill      XL: |  1  2  3  4  5  6  7  8  9 10 11 12 13 |
---------------+----------------------------------------+-----
Stealth        | 1 |  1.0
Fighting       | 2 3 4 5 6 7 9 10 12 13 | 13.0
Dodging        | 2 3 4 5 |  5.1
Axes           | 1 3 4 5 7 9 11 13 14 16 | 16.6
Invocations    | 5 9 11 | 11.0
Armour         | 4 6 7 10 | 10.0
Evocations     | 4 |  4.0
Short Blades   | |  1.0

Action                   |  1- 3 |  4- 6 |  7- 9 | 10-12 | 13-15 || total
-------------------------+-------+-------+-------+-------+-------++-------
Melee: Short sword       |    74 |       |       |       |       ||    74
       Hand axe          |     8 |    47 |    94 |       |       ||   149
       Headbutt          |     3 |     8 |    39 |   108 |    16 ||   174
       War axe           |       |       |    99 |   555 |    49 ||   703
       Punch             |       |       |       |     3 |       ||     3
       Battleaxe         |       |       |       |       |    38 ||    38
       Unarmed           |       |       |       |       |    15 ||    15
 Fire: Hunting sling     |    35 |   117 |   117 |    73 |       ||   342
Invok: Heroism           |       |       |     1 |    12 |     3 ||    16
       Finesse           |       |       |       |     2 |     3 ||     5
Evoke: Wand              |     4 |     7 |    15 |    14 |       ||    40
       Fan of gales      |       |       |       |       |     1 ||     1
  Use: Scroll            |     4 |     3 |     6 |     6 |     3 ||    22
       Potion            |     5 |     3 |     3 |     7 |     2 ||    20
 Stab: Sleeping          |     1 |       |       |       |       ||     1
       Distracted        |       |       |       |     1 |     1 ||     2
  Eat: Chunk             |     3 |     8 |     7 |     7 |       ||    25
       Ration            |       |       |     2 |     7 |     1 ||    10
Armor: Leather armour    |    14 |    13 |       |       |       ||    27
       Scale mail        |       |    13 |    71 |    12 |       ||    96
       Ring mail         |       |       |       |    70 |       ||    70
       Acid dragon scale |       |       |       |    81 |    29 ||   110
Dodge: Dodged            |    49 |    56 |    94 |   266 |    59 ||   524
